Map: Светотень РВ

Players

Ashbringer - Winner!

  • Race: Protoss Protoss
  • League: Master

Daloze

  • Race: Zerg Zerg
  • League: Master

VOD

Have the link to the VOD?

Description

Time

  • Played on: April 8, 2021, 3:47 a.m.
  • Length: 8:14
Show
View Real Time Build Order
Export as new Build Order

Ashbringer Protoss - Winner!

Build Orders: 1 Gate Expand, Oracle Opening, Zealot Archon, Archon Drop 

Get SALT Encoding   

  12  0:00  Probe  
  13  0:12  Probe  
  14  0:18  Pylon  
  14  0:24  Probe (Chrono Boost)  
  15  0:38  Gateway, Probe (Chrono Boost)  
  16  0:43  Probe (Chrono Boost)  
  16  0:47  Assimilator  
  17  0:53  Probe  
  18  1:05  Probe  
  19  1:17  Probe  
  20  1:26  Nexus  
  20  1:35  Cybernetics Core  
  20  1:37  Probe  
  21  1:46  Assimilator  
  21  1:49  Probe  
  21  1:53  Pylon  
  22  2:01  Probe  
  23  2:08  Adept (Chrono Boost)  
  23  2:12  Warp Gate  
  23  2:13  Probe  
  26  2:26  Probe  
  26  2:28  Stargate  
  27  2:31  Adept (Chrono Boost)  
  29  2:40  Probe (Chrono Boost)  
  29  2:43  Probe (Chrono Boost)  
  31  2:49  Probe (Chrono Boost)  
  33  2:52  Probe (Chrono Boost)  
  33  2:53  Adept  
  33  2:54  Probe (Chrono Boost)  
  36  3:02  Probe  
  37  3:06  Probe  
  37  3:09  Gateway  
  38  3:13  Oracle (Chrono Boost)  
  41  3:25  Probe  
  42  3:27  Probe  
  41  3:35  Assimilator  
  41  3:37  Pylon, Assimilator, Probe  
  41  3:39  Probe  
  41  3:40  Robotics Facility  
  41  3:49  Probe  
  41  3:51  Probe  
  41  3:52  Twilight Council  
  43  4:01  Adept, Probe  
  46  4:03  Probe  
  47  4:13  Probe  
  47  4:15  Probe  
  47  4:20  Gateway  
  47  4:21  Gateway, Stalker  
  49  4:25  Probe  
  50  4:33  Templar Archives, Charge  
  50  4:34  Warp Prism (Chrono Boost), Probe  
  53  4:41  Pylon  
  53  4:52  Gateway  
  53  4:53  Gateway  
  53  5:10  Probe  
  53  5:13  Nexus  
  54  5:15  Pylon  
  55  5:23  High Templar x3  
  55  5:27  High Templar  
  62  5:29  Archon, Pylon  
  62  5:31  Archon  
  62  5:36  Probe  
  62  5:37  Probe  
  62  5:38  Observer  
  62  5:39  Forge  
  65  5:47  Pylon  
  65  5:48  Probe  
  66  5:52  Zealot x2  
  66  5:57  Zealot x3  
  70  6:05  Zealot x4  
  70  6:11  Zealot x4  
  76  6:15  Immortal, Protoss Ground Weapons Level 1 (Chrono Boost)  
  76  6:17  Probe (Chrono Boost)  
  82  6:19  Probe (Chrono Boost)  
  83  6:26  Probe (Chrono Boost)  
  83  6:29  Probe (Chrono Boost)  
  83  6:32  Probe (Chrono Boost)  
  81  6:40  Probe x2  
  81  6:42  Shield Battery  
  79  6:49  High Templar x4  
  79  6:53  Archon, Immortal (Chrono Boost)  
  79  6:54  Archon  
  87  7:00  Gateway  
  91  7:02  Pylon, Probe  
  91  7:03  Gateway, Probe  
  91  7:04  Pylon x2  
  91  7:06  Probe  
  94  7:09  Sentry  
  94  7:14  Assimilator  
  94  7:15  Probe x2  
  98  7:18  Assimilator, Probe  
  98  7:20  Zealot  
  98  7:22  Shield Battery  
  101  7:25  Immortal  
  105  7:34  Gateway  
  105  7:35  Gateway, Probe  
  106  7:40  Zealot x4  
  114  7:45  Pylon, Probe  
  114  7:48  High Templar x2  
  114  7:49  Probe x2  
  121  7:52  Archon  
  121  7:57  Zealot  
  121  7:58  Zealot  
  119  8:08  Zealot x4  
Show
View Real Time Build Order
Export as new Build Order

Daloze Zerg 

Build Orders: Hatch First 

Get SALT Encoding   

  12  0:00  Drone  
  13  0:12  Overlord  
  13  0:16  Drone  
  14  0:30  Drone x2  
  16  0:49  Hatchery  
  15  0:51  Drone  
  15  0:54  Drone  
  17  0:57  Drone  
  18  1:07  Extractor  
  17  1:13  Spawning Pool  
  17  1:15  Drone  
  17  1:20  Drone  
  18  1:32  Drone  
  19  1:46  Drone  
  20  1:57  Overlord  
  20  2:02  Queen x2  
  20  2:03  Zergling x4  
  26  2:14  Drone x2  
  28  2:18  Metabolic Boost  
  28  2:22  Drone  
  29  2:24  Drone  
  30  2:38  Hatchery  
  29  2:45  Drone x2  
  29  2:47  Overlord  
  31  2:52  Queen  
  31  2:58  Drone x2  
  35  3:00  Drone  
  36  3:06  Drone x2  
  36  3:11  Drone x2  
  36  3:12  Drone  
  41  3:14  Drone  
  42  3:21  Zergling x4  
  42  3:29  Drone x2  
  41  3:37  Drone x2  
  41  3:41  Overlord x2  
  43  3:51  Drone x5  
  48  3:55  Lair  
  48  3:59  Drone  
  48  4:02  Spore Crawler  
  48  4:08  Drone x6  
  53  4:12  Zergling x2  
  51  4:20  Spore Crawler  
  50  4:26  Spore Crawler  
  50  4:27  Extractor  
  50  4:30  Drone x5  
  53  4:33  Extractor  
  53  4:36  Drone x2, Evolution Chamber  
  53  4:44  Drone x3  
  56  4:46  Evolution Chamber  
  56  4:50  Overlord, Drone x2  
  57  4:54  Overlord  
  57  5:02  Hatchery  
  57  5:03  Overlord  
  57  5:05  Zerg Melee Weapons Level 1  
  56  5:11  Roach Warren  
  56  5:13  Zerg Ground Armor Level 1  
  55  5:17  Zergling x2  
  55  5:18  Zergling x4  
  58  5:22  Overlord  
  58  5:25  Zergling x8  
  61  5:37  Drone  
  61  5:38  Drone x8  
  70  5:47  Overlord  
  70  5:48  Zergling x2  
  70  5:49  Zergling x4  
  68  5:58  Zergling x8  
  68  5:59  Zergling x8  
  69  6:07  Zergling x4  
  69  6:13  Zergling x8  
  69  6:14  Glial Reconstitution  
  69  6:17  Zergling x2  
  72  6:23  Roach x3  
  78  6:32  Roach x4  
  76  6:37  Roach  
  75  6:40  Roach x2  
  75  6:45  Roach x2  
  78  6:48  Overlord  
  78  6:50  Hatchery  
  77  7:00  Zergling x4  
  77  7:01  Zergling x6  
  82  7:07  Extractor  
  81  7:10  Roach x3  
  81  7:11  Queen  
  89  7:16  Ravager  
  89  7:17  Ravager x4  
  93  7:28  Zergling x2  
  93  7:29  Zergling x12  
  100  7:30  Ravager  
  100  7:31  Ravager  
  100  7:33  Overlord  
  100  7:35  Overlord  
  102  7:41  Zergling x2  
  102  7:42  Zergling x2  
  102  7:43  Ravager  
  105  7:48  Overlord  
  105  7:53  Ravager x2  
  105  7:55  Zergling x10  
Tags
 
Add a new tag
Caveats
  • Supply blocks, unpowered buildings, or Contaminate may cause inaccurate times.
  • Supply counts are checked every 10 seconds.